 Dungeon Crawl Stone Soup version 0.22-a0-21-g9421e3f (webtiles) character file.

62 FRamirez the Skirmisher (level 3, 0/29 HPs)
             Began as a Demonspawn Abyssal Knight on Jan 3, 2018.
             Was a Believer of Lugonu.
             Succumbed to a kobold's poison
             ... on level 3 of the Dungeon.
             The game lasted 00:15:11 (1789 turns).

FRamirez the Skirmisher (Demonspawn Abyssal Knight) Turns: 1789, Time: 00:15:12

Health: 0/29       AC:  4    Str: 13    XL:     3   Next: 85%
Magic:  5/5        EV: 11    Int: 13    God:    Lugonu [**....]
Gold:   119        SH:  0    Dex: 14    Spells: 2/2 levels left

rFire    x . .     SeeInvis .   a - +2 falchion
rCold    + . .     Gourm    .   (no shield)
rNeg     . . .     Faith    .   f - +0 leather armour (curse)
rPois    .         Spirit   .   (no helmet)
rElec    .         Reflect  .   (no cloak)
rCorr    .         Harm     .   (no gloves)
MR       .....     Rnd*Rage +   l - +0 pair of boots
Stlth    +.........             (no amulet)
HPRegen  0.09/turn              d - ring of ice
MPRegen  0.09/turn              (no ring)

@: lethally poisoned (0 -> -15), very slightly contaminated, hasted, invisible,
very quick
A: talons 1, agile 1, berserk 1
a: Depart the Abyss, Bend Space, Renounce Religion


You were on level 3 of the Dungeon.
You worshipped Lugonu.
Lugonu was pleased with you.
You were hungry.

You visited 1 branch of the dungeon, and saw 3 of its levels.
You visited the Abyss 1 time.

You collected 119 gold pieces.

Inventory:

Hand Weapons
 a - a +2 falchion (weapon)
 b - a +2 spear of piercing
 h - a +2 trident of flaming
Armour
 f - a cursed +0 leather armour (worn)
 l - a +0 pair of boots (worn)
Jewellery
 d - a ring of ice (left hand)
Scrolls
 j - a scroll of teleportation
 m - a scroll of remove curse
Potions
 e - a potion of might {unknown}
 k - a potion of haste
 o - a potion of mutation
Comestibles
 c - 6 rations


   Skills:
 + Level 3.4 Fighting
 + Level 2.7 Long Blades
 + Level 2.3 Armour
 + Level 1.1 Dodging
 + Level 0.1 Stealth
 + Level 2.8 Invocations


You had 2 spell levels left.
You didn't know any spells.

Dungeon Overview and Level Annotations

Branches:
Dungeon (3/15)

Altars:
Hepliaklqana


Innate Abilities, Weirdness & Mutations

You have sharp toenails.
You are agile. (Dex +2)
You tend to lose your temper in combat.


Message History

a dagger; a kobold corpse It was a potion of invisibility.
You fade into invisibility!
* * * LOW HITPOINT WARNING * * *
You feel sick.
You are very lightly contaminated with residual magic.
It was a potion of haste.
You feel yourself speed up.
* * * LOW HITPOINT WARNING * * *
You feel sick.
It was a potion of mutation.
You feel extremely strange.
You feel a little pissed off.
You feel agile.
* * * LOW HITPOINT WARNING * * *
You feel sick.
Found a scroll of enchant weapon.
* * * LOW HITPOINT WARNING * * *
You feel sick.
Found a stone staircase leading down.
You see here a golden potion.
e - a golden potion You die...

########### #..)......#
#.........#
*********###****#######..........
,,,,,,,,,>?..,,,..<.............†
,********.....,########..........
,,,* *......#......(.#######..
,,,* *,***#..@.).(.((# #.. ,,,*
*,* ###..)..†..# *### ,,,*
*,***#..........#*****,,,
,,,******,,................,,,,,,
**,,,,,,,,*###.#........###***,,,
*,,,,,,,,*,............# *,,,
*,,,,,,,,+......######## *,,,
*,,,,,,,,*......# *,,,
*,,,,,,,,*,,,,,,********* *,,,


There were no monsters in sight!

Vanquished Creatures
  An adder (D:2)
  A worm (D:3)
  3 dart slugs (D:2)
  2 leopard geckos (D:1)
  A giant cockroach (D:2)
  5 goblins
  9 hobgoblins
  A ball python (D:2)
  4 bats
  3 frilled lizards
  5 kobolds
  6 rats
41 creatures vanquished.

Notes
Turn   | Place    | Note
-------+----------+-------------------------------------------
     0 | Abyss:1  | FRamirez the Demonspawn Abyssal Knight began the quest for the Orb.
     0 | Abyss:1  | Reached XP level 1. HP: 18/18 MP: 2/2
    50 | Abyss:1  | Noticed a large abomination
    56 | D:1      | Escaped the Abyss
   487 | D:1      | Reached * piety under Lugonu
   487 | D:1      | Gained mutation: You have sharp toenails. [demonic ancestry]
   487 | D:1      | Reached XP level 2. HP: 16/24 MP: 3/3
   853 | D:1      | Reached skill level 1 in Dodging
  1078 | D:2      | Reached XP level 3. HP: 24/29 MP: 5/5
  1459 | D:2      | Found a hazy altar of Hepliaklqana.
  1776 | D:3      | Reached ** piety under Lugonu
  1786 | D:3      | Gained mutation: You tend to lose your temper in combat. [potion of mutation]
  1786 | D:3      | Gained mutation: You are agile. (Dex +2) [potion of mutation]
  1788 | D:3      | HP: 1/29 [poisoned by a kobold]
  1789 | D:3      | Succumbed to a kobold's poison

Vault maps used:
D:1:      dpeg_arrival_tiny_f
D:2:      overflow_temple_1_default, minmay_misc_feat_roman
D:3:      kennysheep_the_goblin_king, grunt_decor_resistance
Abyss:1:  hangedman_abyss_or_decor_stabs

Skill      XL: |  1  2 |
---------------+-------+-----
Armour         | 2 |  2.3
Long Blades    | 2 |  2.7
Dodging        | 1 |  1.1
Fighting       | |  3.4
Stealth        | |  0.1
Invocations    | |  2.8

Action                   || total
-------------------------++-------
Melee: Falchion          ||    95
       Kick              ||    14
Invok: Depart the Abyss  ||     1
  Use: Scroll            ||     8
       Potion            ||     3
 Stab: Sleeping          ||     1
  Eat: Chunk             ||     2
Armor: Leather armour    ||    21
Dodge: Dodged            ||    67
       Rpst.: Falchion   ||    18

Table legend:
 A = Spawn XP
 B = Non-spawn XP
 C = Spawn XP percentage of total XP
 D = Spawn monster count
 E = Non-spawn monster count
 F = Spawn count percentage of total count
 G = Total turns spent on level
                    A         B        C        D         E        F      G
               +---------+---------+-------+---------+---------+-------+---------
         Total |       0 |      89 |   0.0 |       0 |      41 |   0.0 |  1789
               +---------+---------+-------+---------+---------+-------+---------
           D:1 |       0 |      28 |   0.0 |       0 |      16 |   0.0 |   890
           D:2 |       0 |      50 |   0.0 |       0 |      20 |   0.0 |   730
           D:3 |       0 |      11 |   0.0 |       0 |       5 |   0.0 |   113
               +---------+---------+-------+---------+---------+-------+---------
